 Dungeon Crawl Stone Soup version 0.27.1-4-g1640c2035a (webtiles) character file.

Game seed: 5519584464979644150

3276 Elvor the Conjurer (level 9, -11/74 HPs)
             Began as a Green Draconian Conjurer on Nov 2, 2021.
             Was a Believer of the Shining One.
             Hit by a large rock thrown by a cyclops (28 damage)
             ... on level 8 of the Dungeon.
             The game lasted 01:02:48 (5084 turns).

Elvor the Conjurer (Green Draconian Conjurer)       Turns: 5084, Time: 01:02:49

Health: -11/74     AC: 13    Str: 17    XL:     9   Next: 68%
Magic:  12/18      EV: 12    Int: 21    God:    the Shining One [**....]
Gold:   188        SH:  0    Dex:  9    Spells: 10/21 levels left

rFire    . . .     SeeInvis +   k - +3 dagger (speed)
rCold    . . .     Faith    .   (no shield)
rNeg     + . .     Spirit   .   (armour unavailable)
rPois    +         Reflect  .   (helmet restricted)
rElec    .         Harm     .   p - +0 cloak
rCorr    .         Rampage  .   F - +2 pair of gloves
Will     .....                  f - +1 pair of boots {Fly}
Stlth    +.........             (no amulet)
HPRegen  0.22/turn              a - ring of see invisible
MPRegen  0.16/turn              z - +6 ring of strength

@: short of breath, flying, glowing
A: breathe noxious fumes, AC +7, unfitting armour, poison resistance,
cold-blooded
a: Breathe Noxious Fumes, Renounce Religion, Divine Shield


You were on level 8 of the Dungeon.
You worshipped the Shining One.
The Shining One was pleased with you.
You visited 2 branches of the dungeon, and saw 9 of its levels.

You collected 463 gold pieces.
You spent 275 gold pieces at shops.

Inventory:

Hand Weapons
 d - a +0 hunting sling
 k - a +3 dagger of speed (weapon)
Missiles
 e - 207 stones
 i - 95 sling bullets
 t - a curare-tipped dart
 y - a throwing net
 B - 19 poisoned darts
 H - 4 javelins
Armour
 f - a +1 pair of boots of flying (worn)
 p - a +0 cloak (worn)
 u - the +5 kite shield of Darkness {Slay+3}
   (You bought it in a shop on level 5 of the Dungeon)

   Slay:      It affects your accuracy & damage with ranged weapons and melee
   (+3).
 F - a +2 pair of gloves (worn)
Jewellery
 a - a ring of see invisible (left hand)
 z - a +6 ring of strength (right hand)
Wands
 l - a wand of mindburst (5)
 q - a wand of acid (16)
 A - a wand of paralysis (11)
 G - a wand of digging (5)
Scrolls
 g - a scroll of fear {unknown}
 m - 4 scrolls of teleportation {unknown}
 o - 2 scrolls of enchant weapon
 r - 2 scrolls of magic mapping
 x - 2 scrolls of noise {unknown}
 C - a scroll of immolation {unknown}
Potions
 b - 2 potions of degeneration
 c - 2 potions of mutation {unknown}
 h - 4 potions of berserk rage
 j - 2 potions of cancellation
 n - a potion of brilliance
 s - a potion of attraction {unknown}
 v - 3 potions of haste
 w - a potion of heal wounds {unknown}
 D - 2 potions of curing {unknown}
 E - a potion of flight {unknown}


   Skills:
 * Level 5.6 Fighting
 + Level 2.4 Short Blades
 + Level 1.2 Throwing
 + Level 3.1 Dodging
 + Level 3.4 Stealth
 * Level 4.4 Shields
 + Level 6.5 Spellcasting
 + Level 6.6 Conjurations
 + Level 2.2 Hexes
 + Level 2.0 Air Magic
 + Level 3.0 Poison Magic
 + Level 3.4 Evocations


You had 10 spell levels left.
You knew the following spells:

 Your Spells              Type           Power      Damage    Failure   Level
a - Magic Dart            Conj           100%       1d8       1%          1
b - Searing Ray           Conj           68%        3d5       1%          2
c - Slow                  Hex            16%        N/A       5%          2
d - Iskenderun's Mystic   Conj/Tloc      20%        2d6       24%         4
e - Poisonous Vapours     Pois/Air       34%        N/A       4%          2

Your spell library contained the following spells:

 Spells                   Type           Power      Damage    Failure   Level
 Sting                    Tmut/Pois      52%        1d5       4%          1
 Dazzling Flash           Conj/Hex       50%        N/A       4%          3
 Corpse Rot               Necr/Air       N/A        N/A       10%         2
 Confusing Touch          Hex            16%        N/A       11%         3
 Fulminant Prism          Conj/Hex       12%        3d9       16%         4
 Olgreb's Toxic Radiance  Pois           19%        N/A       26%         4
 Freezing Cloud           Conj/Ice/Air   9%         6-21      61%         5
 Yara's Violent Unravell  Hex/Tmut       5%         3d4       85%         5


Dungeon Overview and Level Annotations

Branches:
Dungeon (8/15)             Temple (1/1) D:4
   Lair: D:8-11

Altars:
Ashenzari
Cheibriados
Dithmenos
Elyvilon
Fedhas
Gozag
Makhleb
Nemelex Xobeh
Okawaru
Qazlal
Sif Muna
Trog
Uskayaw
Vehumet
Wu Jian
Xom
Yredelemnul
Zin
The Shining One

Shops:
D:5 *   D:6 (


Innate Abilities, Weirdness & Mutations

You can breathe blasts of noxious fumes.
Your lurid green scales are hard. (AC +7)
You cannot fit into any form of body armour.
Your system is resistant to poisons. (rPois)
You are cold-blooded and may be slowed by cold attacks.


Message History

The bullfrog hits you.
The searing ray hits the bullfrog!
You kill the bullfrog!
You now have enough gold to buy a slimy morningstar on D:6.
You can access your shopping list by pressing '$'.
You now have 188 gold pieces (gained 12).
You see here a bullfrog corpse.
D - 2 sapphire potions (gained 1)
Found a scroll labelled RENIEFIFIO.
m - 4 scrolls labelled RENIEFIFIO (gained 1) HP restored.
You have got your breath back.
As you open the door, it creaks loudly!
A manticore and a cyclops come into view.
The manticore moves out of view.
Found a metallic silvery potion.
Aiming: Poisonous Vapours (safe; 4% risk of failure)
Press: ? - help, Q - select action, (/) - cycle Dir - move target, f - cyclops
Aim: a cyclops, quivering large rocks Poisonous vapours surround the cyclops!
The cyclops is poisoned.
Aiming: Poisonous Vapours (safe; 4% risk of failure)
Press: ? - help, Q - select action, (/) - cycle Dir - move target, f/p - cyclops
Aim: a cyclops, quivering large rocks (lightly wounded, poisoned) Poisonous vapours surround the cyclops!
The cyclops looks even sicker.
The cyclops throws a large rock.
The large rock hits you!!
Abil: Breathe Noxious Fumes
Press: ? - help, Q - select action, (/) - cycle Shift-Dir - straight line, f/p - cyclops
Aim: a cyclops, quivering large rocks (lightly wounded, very poisoned)
You exhale a blast of noxious fumes.
The blast of choking fumes hits the cyclops.
The cyclops is lightly wounded.
The cyclops is engulfed in noxious fumes.
The cyclops throws a large rock.
The large rock hits you!!
* * * LOW HITPOINT WARNING * * *
Non-targeted abil: Divine Shield
Press: ? - help, Q - select action, (/) - cycle Dir - look around, f - activate You fail to use your ability.
The cyclops is engulfed in noxious fumes.
The cyclops throws a large rock.
The large rock hits you!!
You die...

#..# #.#.## ##..#
#..##..##.####...# #...#
.......###.### #...##
#....#..#....
#..#.####..#.##.##.#
#........†#.#..#...#
#...###.##.#.#####..
#.........#..#....#.
#..@##.###...##.##..
#...○°....)#####....
#..###C###.#.#.#.### #..#
...P#.##..#.#
.........#C###.#.#...#.#
########.#.#!#.#.|#.#..+.#
#.#.#+#.#.#..##.#.# #.#P.
.P#..#.##.#P.
..#######.##.#..###


You could see a cyclops (poisoned).

Vanquished Creatures
  Pikel (D:7)
  The ghost of Flure the Merchant of Misery, a novice HuNe of Kikubaaqudgha (D:6)
  Grinder (D:6)
  Eustachio (D:5)
  Duvessa (D:6)
  2 water moccasins
  A sky beast (D:7)
  2 black bears (D:7)
  A necrophage (D:7)
  3 ogres
  2 centaurs
  A phantom (D:6)
  A kobold brigand (D:4)
  A bullfrog (D:8)
  3 scorpions
  Dowan (D:6)
  A bullfrog zombie (D:7)
  3 hounds
  Crazy Yiuf (D:7)
  2 bullfrog skeletons
  Jessica (D:2)
  3 iguanas
  Ijyb (D:3)
  Terence (D:3)
  Natasha (D:2)
  An orc wizard (D:8)
  2 howler monkey zombies
  6 adders
  2 shadow imps (D:7)
  A white imp (D:7)
  2 ufetubi
  2 adder skeletons
  3 dart slugs
  17 orcs
  5 bats
  8 endoplasms
  2 giant cockroaches (D:1)
  14 goblins
  11 hobgoblins
  4 jackals (D:3)
  4 quokkas
  7 ball pythons
  4 frilled lizards
  2 kobolds
  5 rats
139 creatures vanquished.

Vanquished Creatures (others)
  A fungus (D:7)
  72 plants
73 creatures vanquished.

Grand Total: 212 creatures vanquished

Notes
Turn   | Place    | Note
-------+----------+-------------------------------------------
     0 | D:1      | Elvor the Draconian Conjurer began the quest for the Orb.
     0 | D:1      | Reached XP level 1. HP: 14/14 MP: 3/3
   170 | D:1      | Reached XP level 2. HP: 20/20 MP: 0/5
   173 | D:1      | Learned a level 2 spell: Searing Ray
   483 | D:1      | Reached XP level 3. HP: 26/26 MP: 0/6
   826 | D:2      | Noticed Jessica
   891 | D:2      | Killed Jessica
   892 | D:2      | Reached XP level 4. HP: 27/33 MP: 3/8
   963 | D:2      | Noticed Natasha
   967 | D:2      | Killed Natasha
   968 | D:2      | Reached skill level 5 in Conjurations
  1459 | D:3      | Noticed Terence
  1531 | D:3      | Killed Terence
  1532 | D:3      | Reached skill level 1 in Fighting
  1532 | D:3      | Reached XP level 5. HP: 19/40 MP: 1/10
  1542 | D:3      | Learned a level 2 spell: Slow
  1648 | D:3      | Noticed Ijyb
  1654 | D:3      | Killed Ijyb
  1976 | D:3      | Learned a level 4 spell: Iskenderun's Mystic Blast
  2070 | D:4      | Found a staircase to the Ecumenical Temple.
  2091 | Temple   | Entered the Ecumenical Temple
  2098 | Temple   | Became a worshipper of the Shining One
  2211 | D:4      | Reached XP level 6. HP: 47/48 MP: 6/11
  2544 | D:4      | Reached skill level 1 in Evocations
  2623 | D:4      | Reached skill level 1 in Short Blades
  2686 | D:5      | Entered Level 5 of the Dungeon
  2705 | D:5      | Found Hoisuonu's Assorted Antiques.
  2712 | D:5      | Bought a scorched kite shield for 199 gold pieces
  2712 | D:5      | Identified the +5 kite shield of Darkness {Slay+3} (You
                  | bought it in a shop on level 5 of the Dungeon)
  2764 | D:5      | Your scales start taking on a lurid green colour.
  2764 | D:5      | Reached XP level 7. HP: 56/56 MP: 8/13
  2764 | D:5      | Gained mutation: Your system is resistant to poisons.
                  | (rPois) [Green Draconian growth]
  2770 | D:5      | Noticed Eustachio
  2776 | D:5      | Reached skill level 1 in Shields
  2782 | D:5      | Killed Eustachio
  2994 | D:5      | Bought 2 bubbling orange potions for 37 gold pieces
  3141 | D:5      | Reached * piety under the Shining One
  3217 | D:5      | Found a hide-covered altar of Uskayaw.
  3222 | D:5      | Found a broken altar of Ashenzari.
  3227 | D:5      | Found a basalt altar of Yredelemnul.
  3238 | D:5      | Learned a level 2 spell: Poisonous Vapours
  3465 | D:5      | Bought a scroll labelled DUKHLU WOANOA for 21 gold pieces
  3465 | D:5      | Bought a glowing amethyst potion for 18 gold pieces
  3492 | D:6      | Reached XP level 8. HP: 53/63 MP: 10/15
  3581 | D:6      | Noticed Dowan
  3583 | D:6      | Noticed Duvessa
  3592 | D:6      | Killed Duvessa
  3594 | D:6      | Killed Dowan
  3595 | D:6      | Reached skill level 1 in Hexes
  3669 | D:6      | Reached skill level 5 in Spellcasting
  3673 | D:6      | Found an iron altar of Okawaru.
  3692 | D:6      | Noticed Grinder
  3704 | D:6      | Killed Grinder
  3705 | D:6      | Reached skill level 1 in Poison Magic
  3812 | D:6      | Noticed Flure's ghost (novice HuNe)
  3829 | D:6      | Found a runed translucent door.
  3843 | D:6      | Found Weno's Antique Weapon Shop.
  3940 | D:6      | Identified the +2 leather armour of Hysteria {Rampage rElec
                  | rF- Will-}
  4448 | D:7      | Reached XP level 9. HP: 72/72 MP: 1/17
  4464 | D:7      | Reached skill level 1 in Air Magic
  4531 | D:7      | Reached ** piety under the Shining One
  4551 | D:7      | Found a runed translucent door.
  4552 | D:7      | Noticed Crazy Yiuf
  4559 | D:7      | Killed Crazy Yiuf
  4622 | D:7      | Reached skill level 5 in Fighting
  4622 | D:7      | Reached skill level 1 in Throwing
  4690 | D:7      | Noticed Pikel
  4701 | D:7      | Killed Pikel
  4869 | D:6      | Killed Flure's ghost
  5010 | D:8      | Noticed a cyan ugly thing
  5076 | D:8      | Noticed a cyclops
  5076 | D:8      | Noticed a manticore
  5084 | D:8      | Hit by a large rock thrown by a cyclops

Illustrated notes

Levels and vault maps discovered:
D:1:      lightli_arrival_windingriver, layout_rooms, minmay_tromino_mix6
D:2:      layout_loops_ring, serial_bayou_lagoon_a, uniq_natasha, uniq_jessica
D:3:      layout_basic, kennysheep_small_spiral, kennysheep_boxes, uniq_terence,
          uniq_ijyb
D:4:      layout_gridville, minmay_temple_entry_glass, dk_noncrumbling_3,
          minmay_vboxes
D:5:      layout_cave_pods, minmay_overflow_temple_star_quad, serial_shops,
          shop, uniq_eustachio
D:6:      layout_basic, kennysheep_okawaru_gauntlet,
          hellmonk_ghost_happy_afterlife, serial_shops, nicolae_square_shop,
          uniq_grinder, uniq_duvessa
D:7:      layout_basic, uniq_pikel, uniq_crazy_yiuf_cottage
D:8:      layout_gridville, mainiacjoe_overflow_big_doors,
          minmay_shattered_shrine
Temple:   eino_wide_crystal_templ

Skill      XL: |  1  2  3  4  5  6  7  8  9 |
---------------+----------------------------+-----
Dodging        | 2 3 |  3.1
Spellcasting   | 3 4 5 6 |  6.5
Conjurations   | 5 6 |  6.6
Stealth        | 2 3 |  3.4
Fighting       | 1 2 3 4 5 |  5.6
Evocations     | 1 2 3 |  3.4
Short Blades   | 1 2 |  2.4
Shields        | 2 3 4 |  4.4
Hexes          | 2 |  2.2
Poison Magic   | 1 3 |  3.0
Air Magic      | 2 |  2.0
Throwing       | 1 |  1.2

Action                   |  1- 3 |  4- 6 |  7- 9 || total
-------------------------+-------+-------+-------++-------
Melee: Dagger            |    52 |    14 |    21 ||    87
       Tailslap          |     3 |     1 |     3 ||     7
Throw: Throwing net      |       |     1 |     2 ||     3
       Dart              |       |       |     6 ||     6
 Cast: Magic Dart        |    41 |    33 |    11 ||    85
       Searing Ray       |     6 |    19 |    36 ||    61
       Poisonous Vapours |       |       |    24 ||    24
       Slow              |       |       |     2 ||     2
 Abil: Breathe Noxious F |       |       |    11 ||    11
Evoke: Wand              |       |    18 |    18 ||    36
  Use: Scroll            |       |       |     6 ||     6
Armor: Skin              |     5 |    10 |    18 ||    33
Dodge: Dodged            |    16 |    18 |    38 ||    72
